 Dungeon Crawl Stone Soup version 0.26-a0-1002-g7355149c4d (webtiles) character file.

Game seed: 18152863155116267338

3893 Anlio the Grappler (level 10, -2/91 HPs)
             Began as a Ghoul Monk on Dec 7, 2020.
             Was a High Priest of Okawaru.
             Slain by a seven-headed hydra (9 damage)
             ... on level 8 of the Dungeon.
             The game lasted 00:14:37 (8374 turns).

Anlio the Grappler (Ghoul Monk)                     Turns: 8374, Time: 00:14:38

Health: -2/91      AC: 12    Str: 16    XL:     10   Next: 19%
Magic:  2/9        EV: 19    Int:  5    God:    Okawaru [*****.]
Gold:   557        SH:  6    Dex: 14    Spells: 9/9 levels left

rFire    . . .     SeeInvis .     - Unarmed
rCold    + . .     Faith    +   u - +0 buckler
rNeg     + + +     Spirit   .   w - +3 ring mail
rPois    ∞         Reflect  .   (no helmet)
rElec    .         Harm     .   (no cloak)
rCorr    .         Rampage  .   g - +0 pair of gloves
Will     .....                  d - +1 pair of boots
Stlth    +++.......             i - amulet of faith
HPRegen  0.00/turn              p - +4 ring of evasion
MPRegen  0.11/turn              (no ring)

@: heroism, finesse
A: rotting body, claws 1, cold resistance 1, negative energy resistance 3,
inhibited regeneration, torment resistance, unbreathing
a: Heroism, Finesse, Renounce Religion


You were on level 8 of the Dungeon.
You worshipped Okawaru.
Okawaru was extremely pleased with you.
You visited 2 branches of the dungeon, and saw 9 of its levels.

You collected 557 gold pieces.

Inventory:

Armour
 a - a +0 robe
 d - a +1 pair of boots (worn)
 f - a +0 ring mail
 g - a +0 pair of gloves (worn)
 n - a +0 chain mail
 u - a +0 buckler (worn)
 w - a +3 ring mail (worn)
Jewellery
 i - an amulet of faith (around neck)
 p - a +4 ring of evasion (left hand)
 E - an uncursed amulet of magic regeneration {unknown}
 G - an uncursed ring of wizardry {unknown}
Wands
 r - a wand of flame (10)
 A - a wand of iceblast (8)
Scrolls
 b - 4 scrolls of magic mapping
 h - 6 scrolls of remove curse
 j - 8 scrolls of teleportation
 m - 2 scrolls of amnesia {unknown}
 o - 5 scrolls of identify
 t - 2 scrolls of immolation {unknown}
 v - 2 scrolls of enchant armour
 x - a scroll of fear {unknown}
 y - a scroll of enchant weapon {unknown}
 B - a scroll of blinking {unknown}
 F - a scroll of noise {unknown}
Potions
 c - 2 potions of ambrosia
 e - 3 potions of might
 k - a potion of haste
 l - a potion of berserk rage
 q - 4 potions of heal wounds
 s - 4 potions of curing
 z - a potion of invisibility
 C - a potion of brilliance
 D - a potion of lignification {unknown}


   Skills:
 + Level 9.3(14.3) Fighting
 - Level 2.6(7.6) Dodging
 - Level 2.1(7.1) Stealth
 - Level 4.0(9.0) Shields
 * Level 12.3(17.3) Unarmed Combat


You had 9 spell levels left.
You didn't know any spells.
Your spell library was empty.

Dungeon Overview and Level Annotations

Branches:
Dungeon (8/15)             Temple (1/1) D:4
   Lair: D:8-11

Altars:
Ashenzari
Cheibriados
Dithmenos
Elyvilon
Fedhas
Gozag
Hepliaklqana
Kikubaaqudgha
Makhleb
Nemelex Xobeh
Okawaru
Qazlal
Ru
Sif Muna
Trog
Uskayaw
Vehumet
Wu Jian
Xom
Yredelemnul
Zin
The Shining One


Innate Abilities, Weirdness & Mutations

Your body is rotting away.
You thrive by killing the living.
You are immune to poison.
You have sharp fingernails.
Your flesh is cold resistant. (rC+)
You are immune to negative energy. (rN+++)
You do not regenerate when monsters are visible.
You are immune to unholy pain and torment.
You can survive without breathing.


Message History

The seven-headed hydra bites you.
The seven-headed hydra completely misses you.
The seven-headed hydra bites you!
* * * LOW HITPOINT WARNING * * *
The seven-headed hydra bites you.
* * * LOW HITPOINT WARNING * * *
The seven-headed hydra barely misses you.
The seven-headed hydra bites you!
* * * LOW HITPOINT WARNING * * *
You block the seven-headed hydra's attack.
You pummel the seven-headed hydra!!
The seven-headed hydra is heavily wounded.
You punch the seven-headed hydra!
The seven-headed hydra is severely wounded.
You hit the seven-headed hydra.
The seven-headed hydra is severely wounded.
The seven-headed hydra bites you!
* * * LOW HITPOINT WARNING * * *
The seven-headed hydra bites you!
You die...

#............# #............#
+............# #.#
#............# #.#.#
#............# #.#.#
#............## #.#.#
#.............#
#.#.#####.............#
#.#....@D..#####'##...## .
#.....####.#####..##.... .
...####.................+....
..........##.##.#.######..#....
# .#####.....##...## ##.####'
#. ...##.#######...# #.## #.
#.####.##...†...+...# #..# #.
#..........######.).# ###'###+
#..#..)#.# #...# #....(..


You could see a seven-headed hydra.

Vanquished Creatures
  A cyclops (D:7)
  4 gargoyles (D:7)
  A troll (D:6)
  Edmund (D:6)
  A sky beast (D:6)
  A black bear (D:8)
  2 ice beasts
  A phantom (D:6)
  An ogre (D:4)
  A centaur (D:5)
  3 bullfrogs
  2 scorpions
  5 wights
  A howler monkey (D:4)
  A centaur zombie (D:8)
  A bullfrog skeleton (D:8)
  3 jellies (D:8)
  2 hounds
  2 iguanas (D:8)
  3 orc wizards
  6 worker ants
  Natasha (thrice) (D:3)
  2 hound skeletons
  4 gnolls (D:8)
  8 adders
  2 shadow imps
  2 white imps (D:6)
  2 ufetubi
  3 oozes
  An adder zombie (D:5)
  3 dart slugs
  3 leopard geckos
  16 orcs
  2 ball pythons
  11 bats
  4 giant cockroaches
  4 goblins
  11 hobgoblins
  4 jackals (D:1)
  9 kobolds
  4 quokkas
  A frilled lizard (D:1)
  A leopard gecko skeleton (D:7)
  4 rats
147 creatures vanquished.

Notes
Turn   | Place    | Note
-------+----------+-------------------------------------------
     0 | D:1      | Anlio the Ghoul Monk began the quest for the Orb.
     0 | D:1      | Reached XP level 1. HP: 19/19 MP: 0/0
   255 | D:1      | Reached XP level 2. HP: 20/26 MP: 1/1
   847 | D:1      | Reached skill level 4 in Unarmed Combat
   885 | D:1      | Reached XP level 3. HP: 29/33 MP: 2/2
  1680 | D:2      | Reached XP level 4. HP: 40/40 MP: 3/3
  2019 | D:2      | Reached skill level 5 in Unarmed Combat
  2456 | D:3      | Noticed Natasha
  2464 | D:3      | Killed Natasha
  2465 | D:3      | Reached XP level 5. HP: 32/47 MP: 4/4
  2596 | D:3      | Noticed Natasha
  2610 | D:3      | Killed Natasha
  2851 | D:3      | Noticed Natasha
  2860 | D:3      | Killed Natasha
  3530 | D:4      | Noticed an ogre
  3545 | D:4      | Killed an ogre
  3546 | D:4      | Reached skill level 5 in Fighting
  3546 | D:4      | Reached skill level 6 in Unarmed Combat
  3546 | D:4      | Reached XP level 6. HP: 28/56 MP: 5/5
  3752 | D:4      | Found a staircase to the Ecumenical Temple.
  3763 | Temple   | Entered the Ecumenical Temple
  3866 | Temple   | Became a worshipper of Warmaster Okawaru
  3866 | Temple   | Reached * piety under Okawaru
  3866 | Temple   | Reached ** piety under Okawaru
  3923 | D:4      | Found an iron altar of Okawaru.
  4213 | D:4      | Reached skill level 1 in Shields
  4213 | D:4      | Reached skill level 7 in Unarmed Combat
  4213 | D:4      | Reached XP level 7. HP: 52/61 MP: 6/6
  4417 | D:5      | Entered Level 5 of the Dungeon
  4601 | D:5      | Noticed a +0 dagger
  4601 | D:5      | Noticed a +0 hand axe
  4602 | D:5      | Found a hide-covered altar of Uskayaw.
  4955 | D:6      | Reached XP level 8. HP: 62/70 MP: 7/7
  5032 | D:5      | Reached *** piety under Okawaru
  5033 | D:5      | Reached skill level 8 in Unarmed Combat
  5096 | D:6      | Noticed a troll
  5121 | D:6      | Killed a troll
  5554 | D:6      | Found a sacrificial altar of Ru.
  5575 | D:6      | Reached skill level 9 in Unarmed Combat
  5702 | D:6      | Reached **** piety under Okawaru
  5718 | D:6      | Noticed Edmund
  5737 | D:6      | Killed Edmund
  6002 | D:6      | Reached XP level 9. HP: 79/79 MP: 8/8
  6188 | D:7      | Noticed a cyclops
  6404 | D:7      | Killed a cyclops
  6405 | D:7      | Reached skill level 10 in Unarmed Combat
  7046 | D:7      | Found a hazy altar of Hepliaklqana.
  7141 | D:7      | Noticed a gargoyle
  7161 | D:7      | Killed a gargoyle
  7389 | D:7      | Noticed a gargoyle
  7394 | D:7      | Killed a gargoyle
  7395 | D:7      | Reached skill level 11 in Unarmed Combat
  7453 | D:7      | Noticed a gargoyle
  7461 | D:7      | Killed a gargoyle
  7484 | D:7      | Noticed a gargoyle
  7494 | D:7      | Killed a gargoyle
  7494 | D:7      | Reached ***** piety under Okawaru
  7495 | D:7      | Reached XP level 10. HP: 75/91 MP: 6/9
  7885 | D:8      | Reached skill level 12 in Unarmed Combat
  8193 | D:8      | Found a glowing golden altar of the Shining One.
  8357 | D:8      | Noticed a seven-headed hydra
  8374 | D:8      | Slain by a seven-headed hydra

Illustrated notes

Levels and vault maps discovered:
D:1:      dpeg_arrival_tiny_a, layout_basic
D:2:      minmay_wonky_spiral, layout_loops_ring
D:3:      kennysheep_six_static_rooms, layout_loops_ring, uniq_natasha
D:4:      layout_rooms, minmay_temple_entry_junction_2,
          okawaru_metal_pillars_1_2
D:5:      layout_cave_pools, dancing_weapons_uskayaw
D:6:      layout_cave_pools, old_standard_altar, uniq_edmund
D:7:      cheibrodos_statue_roulette, layout_loops_ring, kennysheep_mini_moat
D:8:      layout_basic, lemuel_round_altar
Temple:   hc_temple_tempest_star

Skill      XL: |  1  2  3  4  5  6  7  8  9 10 |
---------------+-------------------------------+-----
Unarmed Combat | 4 5 6 7 9 11 12 | 12.3
Fighting       | 4 5 6 7 9 |  9.3
Shields        | 1 3 4 |  4.0
Dodging        | |  2.6
Stealth        | |  2.1

Action                   |  1- 3 |  4- 6 |  7- 9 | 10-12 || total
-------------------------+-------+-------+-------+-------++-------
Melee: Unarmed           |   140 |   222 |   313 |    80 ||   755
       Punch             |     2 |     5 |     5 |       ||    12
Invok: Heroism           |       |       |     5 |     1 ||     6
       Finesse           |       |       |       |     1 ||     1
  Use: Scroll            |     3 |     6 |     3 |       ||    12
 Stab: Sleeping          |       |     1 |       |       ||     1
Armor: Robe              |    15 |       |       |       ||    15
       Ring mail         |    65 |    70 |    81 |    12 ||   228
       Chain mail        |     9 |       |       |       ||     9
Dodge: Dodged            |   110 |   134 |   190 |    47 ||   481
Block: Buckler           |       |       |    27 |    10 ||    37

Table legend: (Time is in decaauts)
 A = Elapsed time spent in this place.
 B = Non-inter-level travel time spent in this place.
 C = Inter-level travel time spent in this place.
 D = Time resting spent in this place.
 E = Time spent auto-exploring this place.
 F = Levels seen in this place.
 G = Mean time per level.
                   A        B        C        D        E       F      G
               +--------+--------+--------+--------+--------+-----+--------+
         Total |   8285 |   7702 |    583 |    917 |   5465 |   9 |  920.6 |
       Dungeon |   8169 |   7613 |    556 |    917 |   5379 |   8 | 1021.1 |
        Temple |    115 |     88 |     27 |      0 |     86 |   1 |  115.0 |
               +--------+--------+--------+--------+--------+-----+--------+

Top non-repeatable levels by time:
     D:3: 1508 daAuts
     D:1: 1329 daAuts
     D:7: 1326 daAuts
     D:6: 1234 daAuts
     D:2: 949 daAuts
     D:5: 724 daAuts
     D:4: 621 daAuts
     D:8: 474 daAuts
  Temple: 115 daAuts
